 Dungeon Crawl Stone Soup version 0.21-a0-442-g848f44b (webtiles) character file.

53 tof the Skirmisher (level 3, -4/29 HPs)
             Began as a Demonspawn Monk on Nov 14, 2017.
             Slain by a worm (9 damage)
             ... on level 2 of the Dungeon.
             The game lasted 00:01:25 (1935 turns).

tof the Skirmisher (Demonspawn Monk)                Turns: 1935, Time: 00:01:26

Health: -4/29      AC:  2    Str: 11    XL:     3   Next: 62%
Magic:  3/3        EV: 13    Int: 11    God:
Gold:   61         SH:  0    Dex: 16    Spells: 2/2 levels left

rFire    . . .     SeeInvis .   a - +0 falchion
rCold    . . .     Gourm    .   (no shield)
rNeg     . . .     Faith    .   b - +0 robe
rPois    .         Spirit   .   (no helmet)
rElec    .         Reflect  .   (no cloak)
rCorr    .         Harm     .   (no gloves)
MR       .....                  (no boots)
Stlth    ++........             (no amulet)
HPRegen  0.09/turn              (no ring)
MPRegen  0.08/turn              (no ring)

@: no status effects
A: rot immunity
a: no special abilities


You were on level 2 of the Dungeon.
You were not hungry.

You visited 1 branch of the dungeon, and saw 2 of its levels.

You collected 61 gold pieces.

Inventory:

Hand Weapons
 a - a +0 falchion (weapon)
 l - a +2 whip of holy wrath
Armour
 b - a +0 robe (worn)
Scrolls
 j - a scroll of magic mapping {unknown}
 k - a scroll of noise {unknown}
 m - a scroll of amnesia {unknown}
 n - a scroll of remove curse {unknown}
Potions
 d - 2 potions of haste {unknown}
 e - 2 potions of berserk rage {unknown}
 h - a potion of resistance {unknown}
 i - 3 potions of agility {unknown}
Comestibles
 c - a bread ration
 f - 6 chunks of flesh
 g - a meat ration


   Skills:
 + Level 3.3 Fighting
 * Level 3.3 Long Blades
 + Level 1.1 Armour
 + Level 3.0 Dodging
 - Level 1.7 Stealth


You had 2 spell levels left.
You didn't know any spells.

Dungeon Overview and Level Annotations

Branches:
Dungeon (2/15)

Altars:


Innate Abilities, Weirdness & Mutations

You are immune to rotting.


Message History

You barely miss the ooze.
The ooze is almost dead.
The ooze closely misses you.
You riposte.
You hit the ooze.
You kill the ooze!
The hobgoblin hits you with a club.
You hit the hobgoblin.
The hobgoblin is moderately wounded.
The hobgoblin hits you but does no damage.
You hit the hobgoblin.
You kill the hobgoblin!
You hit the worm.
The worm is moderately wounded.
The worm bites you!
* * * LOW HITPOINT WARNING * * *
You hit the worm.
The worm is moderately wounded.
You hit the worm but do no damage.
The worm is moderately wounded.
The worm bites you!
You die...

..?....... #.# #. #.........
.#######.# #. #..)......
.........# ## #....$..$.
.........# #......<..
.........# #.## #.........
.........##### (....#.g.......
.####........#
..###...#############...####.#
........##.gw@........####....
....###....##########......###
...# ###### ######## .#. #


You could see a worm and a goblin.

Vanquished Creatures
  An adder (D:2)
  An ooze (D:2)
  3 dart slugs
  A leopard gecko (D:2)
  A ball python (D:1)
  2 goblins (D:1)
  2 hobgoblins
  6 jackals (D:2)
  3 kobolds (D:1)
  5 bats
  2 frilled lizards (D:1)
  5 rats
32 creatures vanquished.

Notes
Turn   | Place    | Note
-------+----------+-------------------------------------------
     0 | D:1      | tof the Demonspawn Monk began the quest for the Orb.
     0 | D:1      | Reached XP level 1. HP: 18/18 MP: 1/1
   269 | D:1      | Gained mutation: You are immune to rotting. [demonic ancestry]
   269 | D:1      | Reached XP level 2. HP: 17/24 MP: 2/2
  1401 | D:2      | Reached XP level 3. HP: 22/29 MP: 3/3
  1520 | D:2      | Reached skill level 1 in Armour
  1935 | D:2      | Slain by a worm

Vault maps used:
D:1:      dpeg_arrival_rhombus
D:2:      kb_forest_paths, minmay_gold_behind_fungi

Skill      XL: |  1  2  3 |
---------------+----------+-----
Long Blades    | 3 |  3.3
Armour         | 1 |  1.1
Dodging        | 3 |  3.0
Fighting       | |  3.3
Stealth        | |  1.7

Action                   || total
-------------------------++-------
Melee: Falchion          ||    95
 Stab: Sleeping          ||     6
       Distracted        ||     1
  Eat: Chunk             ||     3
Armor: Robe              ||    14
Dodge: Dodged            ||    58
       Rpst.: Falchion   ||    18

Table legend:
 A = Spawn XP
 B = Non-spawn XP
 C = Spawn XP percentage of total XP
 D = Spawn monster count
 E = Non-spawn monster count
 F = Spawn count percentage of total count
 G = Total turns spent on level
                    A         B        C        D         E        F      G
               +---------+---------+-------+---------+---------+-------+---------
         Total |       0 |      76 |   0.0 |       0 |      32 |   0.0 |  1935
               +---------+---------+-------+---------+---------+-------+---------
           D:1 |       0 |      29 |   0.0 |       0 |      18 |   0.0 |  1191
           D:2 |       0 |      47 |   0.0 |       0 |      14 |   0.0 |   744
               +---------+---------+-------+---------+---------+-------+---------
